 Dungeon Crawl Stone Soup version 0.19.0-19-g8c6edcc (webtiles) character file.

55 Rrauwl the Digger (level 3, -7/20 HPs)
             Began as a Gargoyle Earth Elementalist on Nov 12, 2016.
             Shot with an arrow by a centaur (9 damage)
             ... on level 3 of the Dungeon.
             The game lasted 00:10:59 (1233 turns).

Rrauwl the Digger (Gargoyle Earth Elementalist)     Turns: 1233, Time: 00:10:59

Health: -7/20      AC:  5    Str: 11      XL:     3   Next: 93%
Magic:  1/6        EV: 12    Int: 13 (16) God:
Gold:   135        SH:  0    Dex:  7 (10) Spells: 1 memorised, 6 levels left

rFire  . . .     SeeInvis .     (no weapon)
rCold  . . .     Gourm    .     c - +0 robe
rNeg   + + .     Faith    .     (no shield)
rPois  ∞         Spirit   .     (no helmet)
rElec  +         Reflect  .     (no cloak)
rCorr  .         Harm     .     (no gloves)
MR     .....                    (no boots)
Stlth  ++........               (no amulet)
                                (no ring)
                                i - ring of positive energy

@: very slightly contaminated
A: negative energy resistance 1, electricity resistance, unbreathing,
petrification resistance, rot immunity, AC +3
a: no special abilities


You were on level 3 of the Dungeon.
You were hungry.

You visited 1 branch of the dungeon, and saw 3 of its levels.

You collected 135 gold pieces.

Inventory:

Missiles
 b - 80 stones (quivered)
Armour
 c - a +0 robe (worn)
Jewellery
 i - a ring of positive energy (left hand)
Scrolls
 f - 5 scrolls of identify
Potions
 g - 2 potions of heal wounds
 h - a potion of curing
Books
 e - a book of Geomancy

   Spells                             Type                      Level
   a - Sandblast                      Earth                        1
   b - Passwall                       Transmutation/Earth          2
   c - Stone Arrow                    Conjuration/Earth            3
   d - Petrify                        Transmutation/Earth          4
   e - Lee's Rapid Deconstruction     Earth                        5
Comestibles
 d - 2 bread rations
 j - a slice of pizza
 k - a royal jelly


   Skills:
 * Level 1.3 Fighting
 + Level 1.9 Dodging
 - Level 2.1 Stealth
 + Level 2.5 Spellcasting
   Level 0.7 Transmutations
 + Level 4.5 Earth Magic


You had 6 spell levels left.
You knew the following spells:

 Your Spells              Type           Power        Failure   Level  Hunger
a - Sandblast             Erth           ##....       4%          1    #......


Dungeon Overview and Level Annotations

Branches:
Dungeon (3/15)

Altars:


Innate Abilities, Weirdness & Mutations

You are resistant to torment.
Your stone body is resilient. (AC +3)
You are immune to poison.
You resist negative energy. (rN+)
You are resistant to electric shocks. (rElec)
You can survive without breathing.
You are immune to petrification.
You are immune to rotting.


Message History

Blink to where?
Press: ? - help, Dir - move target cursor, p - adder You are very lightly contaminated with residual magic.
As you read the scroll labeled GUTWUU PESORCH, it crumbles to dust.
It was a scroll of blinking.
You see here 9 gold pieces.
You now have 135 gold pieces (gained 9).
All of the chunks of flesh in your inventory have rotted away.
The hobgoblin hits you with a club.
The centaur shouts!
The centaur wields a shortbow.
The centaur shoots an arrow.
The arrow closely misses you.
The centaur shoots an arrow.
The arrow hits you!
Ouch! That really hurt!
* * * LOW HITPOINT WARNING * * *
You see here an arrow.
As you read the scroll labeled HECAR ZOEBA, it crumbles to dust.
The scroll dissolves into smoke.
It was a scroll of fog.
The centaur shoots an arrow.
The arrow hits you!
You die...

#........#...##
#....<...#...#
#........#...#
####...###...#
###...###...#######
#.....c...........#
#...............(.#
#..§§§............#
#..§@§hs..........###
#..§.Sgr.............
#......h.............
#......g...........§.
#...(.##########.....
#.....# #.....
#.....# #.....
#.....# #.....
####### #.....


You could see a centaur, an adder, 2 jackals, a giant cockroach, 2 hobgoblins
and a rat.

Vanquished Creatures
  4 worms (D:2)
  2 dart slugs
  5 ball pythons
  2 bats
  3 giant cockroaches
  3 goblins (D:1)
  2 hobgoblins
  7 jackals (D:2)
  A kobold (D:1)
  A quokka (D:2)
  2 frilled lizards
  4 rats
36 creatures vanquished.

Notes
Turn   | Place    | Note
-------+----------+-------------------------------------------
     0 | D:1      | Rrauwl the Gargoyle Earth Elementalist began the quest for the Orb.
     0 | D:1      | Reached XP level 1. HP: 10/10 MP: 3/3
     6 | D:1      | Noticed a worker ant
     6 | D:1      | Noticed a wyvern
     6 | D:1      | Noticed an anaconda
     7 | D:1      | Noticed a black bear
   203 | D:1      | Reached skill level 4 in Earth Magic
   203 | D:1      | Reached XP level 2. HP: 12/15 MP: 0/5
   583 | D:2      | Reached XP level 3. HP: 19/20 MP: 0/6
   685 | D:2      | Reached skill level 1 in Fighting
   888 | D:2      | Learned a level 1 spell: Sandblast
  1206 | D:3      | Noticed a centaur
  1233 | D:3      | Shot with an arrow by a centaur

Skill      XL: |  1  2  3 |
---------------+----------+-----
Earth Magic    | 4 |  4.5
Fighting       | 1 |  1.3
Dodging        | |  1.9
Stealth        | |  2.1
Spellcasting   | |  2.5
Transmutations | |  0.7

Action                   || total
-------------------------++-------
Melee: Unarmed           ||   110
 Cast: Sandblast         ||    71
  Use: Potion            ||     3
       Scroll            ||     5
  Eat: Chunk             ||     2
Armor: Robe              ||    55
Dodge: Dodged            ||   132
